BSA
NASSAU ROCKETS @ NEVADA NOISE
06/06/2028
 
TOP OF THE 1ST
Nassau Rockets batting - Pitching for Nevada Noise : RHP Arthur López
Pitching: RHP Arthur López
Batting: LHB Don Ramey 0-0: Called Strike
0-1: Ball
1-1: SINGLE (Flyball, 8LS)
Batting: RHB Salvador Borbón 0-0: Fly out, F9 (Flyball, 9LSF)
Batting: SHB Howard Parker 0-0: Called Strike
0-1: Foul Ball, location: 2F
0-2: Ball
1-2: Ball
2-2: Ball
Don Ramey steals 2nd base
3-2: Foul Ball, location: 2F
3-2: Base on Balls
Batting: LHB Andrew Alvarado 0-0: Ball
1-0: Ball
2-0: Called Strike
2-1: Fielders Choice at 2nd, 4-6 (Groundball, 4)
Don Ramey to third
Batting: LHB Bob Martin 0-0: Fly out, F7 (Flyball, 7)
Top of the 1st over - 0 run(s), 1 hit(s), 0 error(s), 2 left on base; Nassau 0 - Nevada 0
BOTTOM OF THE 1ST
Nevada Noise batting - Pitching for Nassau Rockets : RHP Tomás Molina
Pitching: RHP Tomás Molina
Batting: LHB Stanley Mullins 0-0: Ball
1-0: Fly out, F8 (Flyball, 8LM)
Batting: RHB Stephen Wilson 0-0: Ball
1-0: Called Strike
1-1: Fly out, F3 (Popup, 3L)
Batting: SHB Julián Madrid 0-0: Swinging Strike
0-1: Ball
1-1: Ball
2-1: Ball
3-1: Base on Balls
Batting: LHB Willie Wallace 0-0: Called Strike
0-1: Called Strike
0-2: 2-RUN HOME RUN (Flyball, 9D), Distance : 400 ft
Batting: RHB Edward Young 0-0: Ball
1-0: Ball
2-0: Swinging Strike
2-1: Foul Ball, location: 2F
2-2: Ground out 5-3 (Groundball, 56)
Bottom of the 1st over - 2 run(s), 1 hit(s), 0 error(s), 0 left on base; Nassau 0 - Nevada 2
TOP OF THE 2ND
Nassau Rockets batting - Pitching for Nevada Noise : RHP Arthur López
Batting: LHB Doug Thompson 0-0: Ball
1-0: DOUBLE (Groundball, 3L)
Batting: LHB Wilson Allen 0-0: Ball
1-0: SINGLE (Line Drive, 6MD)
Doug Thompson to third
Batting: RHB Rubén Matos 0-0: Called Strike
0-1: Ball
1-1: Grounds into double play, 5-4-3 (Groundball, 56)
Doug Thompson scores
Batting: LHB Rafael Delgado 0-0: Ball
1-0: Called Strike
1-1: Called Strike
1-2: Ball
2-2: Foul Ball, location: 2F
2-2: Ball
3-2: Foul Ball, location: 2F
3-2: Ground out 4-3 (Groundball, 4S)
Top of the 2nd over - 1 run(s), 2 hit(s), 0 error(s), 0 left on base; Nassau 1 - Nevada 2
BOTTOM OF THE 2ND
Nevada Noise batting - Pitching for Nassau Rockets : RHP Tomás Molina
Batting: LHB Milton Watson 0-0: Ball
1-0: Ball
2-0: Fly out, F7 (Flyball, 7D)
Batting: RHB Rich Ruffin 0-0: Called Strike
0-1: Ball
1-1: Swinging Strike
1-2: Strikes out looking
Batting: RHB Fernando Martínez 0-0: Fly out, F9 (Flyball, 9S)
Bottom of the 2nd over - 0 run(s), 0 hit(s), 0 error(s), 0 left on base; Nassau 1 - Nevada 2
TOP OF THE 3RD
Nassau Rockets batting - Pitching for Nevada Noise : RHP Arthur López
Batting: LHB Don Ramey 0-0: DOUBLE (Line Drive, 78S)
Batting: RHB Salvador Borbón 0-0: Foul Ball, location: 2F
0-1: Ball
1-1: Ball
2-1: Called Strike
2-2: Strikes out swinging
Batting: SHB Howard Parker 0-0: Ball
1-0: Ball
2-0: Called Strike
2-1: Ground out 4-3 (Groundball, 34)
Don Ramey to third
Batting: LHB Andrew Alvarado 0-0: Foul Ball, location: 2F
0-1: Called Strike
0-2: Ball
1-2: Strikes out looking
Top of the 3rd over - 0 run(s), 1 hit(s), 0 error(s), 1 left on base; Nassau 1 - Nevada 2
BOTTOM OF THE 3RD
Nevada Noise batting - Pitching for Nassau Rockets : RHP Tomás Molina
Batting: RHB Vern Carlton 0-0: Swinging Strike
0-1: Foul Ball, location: 2F
0-2: Strikes out looking
Batting: LHB Stanley Mullins 0-0: Ball
1-0: DOUBLE (Groundball, 5L)
Batting: RHB Stephen Wilson 0-0: Called Strike
0-1: Ball
1-1: Ball
2-1: Called Strike
2-2: Foul Ball, location: 2F
2-2: Strikes out swinging
Batting: SHB Julián Madrid 0-0: Called Strike
0-1: Ball
1-1: Fly out, F8 (Flyball, 89M)
Bottom of the 3rd over - 0 run(s), 1 hit(s), 0 error(s), 1 left on base; Nassau 1 - Nevada 2
TOP OF THE 4TH
Nassau Rockets batting - Pitching for Nevada Noise : RHP Arthur López
Batting: LHB Bob Martin 0-0: Fly out, F7 (Line Drive, 7)
Batting: LHB Doug Thompson 0-0: Ball
1-0: Fly out, F8 (Line Drive, 8LM)
Batting: LHB Wilson Allen 0-0: Ball
1-0: Called Strike
1-1: Foul Ball, location: 2F
1-2: Ball
2-2: Ground out 4-3 (Groundball, 4)
Top of the 4th over - 0 run(s), 0 hit(s), 0 error(s), 0 left on base; Nassau 1 - Nevada 2
BOTTOM OF THE 4TH
Nevada Noise batting - Pitching for Nassau Rockets : RHP Tomás Molina
Batting: LHB Willie Wallace 0-0: Ball
1-0: Ball
2-0: Ball
3-0: Called Strike
3-1: DOUBLE (Flyball, 9D)
Batting: RHB Edward Young 0-0: Ball
1-0: Called Strike
1-1: Foul Ball, location: 2F
1-2: Foul Ball, location: 2F
1-2: Ball
2-2: Ball
3-2: Strikes out swinging
Batting: LHB Milton Watson 0-0: Called Strike
0-1: Ground out 4-3 (Groundball, 4)
Willie Wallace to third
Batting: RHB Rich Ruffin 0-0: SINGLE (Groundball, 6D)
Willie Wallace scores
Batting: RHB Fernando Martínez 0-0: Ball
1-0: Called Strike
1-1: Fly out, F5 (Line Drive, 56)
Bottom of the 4th over - 1 run(s), 2 hit(s), 0 error(s), 1 left on base; Nassau 1 - Nevada 3
TOP OF THE 5TH
Nassau Rockets batting - Pitching for Nevada Noise : RHP Arthur López
Batting: RHB Rubén Matos 0-0: Ball
1-0: Foul Ball, location: 2F
1-1: Fly out, F5 (Line Drive, 56)
Batting: LHB Rafael Delgado 0-0: Fly out, F4 (Popup, 34)
Batting: LHB Don Ramey 0-0: SOLO HOME RUN (Flyball, 9LD), Distance : 387 ft
Batting: RHB Salvador Borbón 0-0: Called Strike
0-1: Called Strike
0-2: Strikes out looking
Top of the 5th over - 1 run(s), 1 hit(s), 0 error(s), 0 left on base; Nassau 2 - Nevada 3
BOTTOM OF THE 5TH
Nevada Noise batting - Pitching for Nassau Rockets : RHP Tomás Molina
Batting: RHB Vern Carlton 0-0: Fly out, F9 (Flyball, 9S)
Batting: LHB Stanley Mullins 0-0: Called Strike
0-1: Ball
1-1: Called Strike
1-2: Ball
2-2: SOLO HOME RUN (Flyball, 9LD), Distance : 363 ft
Batting: RHB Stephen Wilson 0-0: Ball
1-0: Called Strike
1-1: Ground out 1-3 (Groundball, 13S)
Batting: SHB Julián Madrid 0-0: Ball
1-0: SINGLE (Groundball, 25) (infield hit)
Batting: LHB Willie Wallace 0-0: Called Strike
0-1: Ball
1-1: Foul Ball, location: 2F
1-2: Ball
2-2: Foul Ball, location: 2F
2-2: Strikes out looking
Bottom of the 5th over - 1 run(s), 2 hit(s), 0 error(s), 1 left on base; Nassau 2 - Nevada 4
TOP OF THE 6TH
Nassau Rockets batting - Pitching for Nevada Noise : RHP Arthur López
Batting: SHB Howard Parker 0-0: Called Strike
0-1: Ball
1-1: Foul Ball, location: 2F
1-2: Ball
2-2: Ball
3-2: Strikes out swinging
Batting: LHB Andrew Alvarado 0-0: Foul Ball, location: 2F
0-1: Ball
1-1: Swinging Strike
1-2: Foul Ball, location: 2F
1-2: Ball
2-2: Ball
3-2: Base on Balls
Batting: LHB Bob Martin 0-0: Ball
1-0: Fly out, F6 (Popup, 6S)
Batting: LHB Doug Thompson 0-0: 2-RUN HOME RUN (Flyball, 9D), Distance : 401 ft
Batting: LHB Wilson Allen 0-0: Ball
1-0: Ball
2-0: Foul Ball, location: 2F
2-1: SINGLE (Groundball, 34D)
Batting: RHB Rubén Matos 0-0: Swinging Strike
0-1: Ball
1-1: Foul Ball, location: 2F
1-2: Fielders Choice at 2nd, 6-4 (Groundball, 6)
Top of the 6th over - 2 run(s), 2 hit(s), 0 error(s), 0 left on base; Nassau 4 - Nevada 4
BOTTOM OF THE 6TH
Nevada Noise batting - Pitching for Nassau Rockets : RHP Tomás Molina
Batting: RHB Edward Young 0-0: Ball
1-0: Ball
2-0: Ball
3-0: Base on Balls
Batting: LHB Milton Watson 0-0: Ball
1-0: Called Strike
1-1: Foul Ball, location: 2F
1-2: Fly out, F6 (Line Drive, 6)
Batting: RHB Rich Ruffin 0-0: Called Strike
0-1: Ball
1-1: SINGLE (Groundball, 34D)
Edward Young to second
Runner from 2nd tries for 3rd, SAFE, throw made to third
Batting: RHB Fernando Martínez 0-0: 3-RUN HOME RUN (Flyball, 8RXD), Distance : 434 ft
Pitching: RHP Juan Franco
Batting: RHB Vern Carlton 0-0: Ball
1-0: Ball
2-0: Foul Ball, location: 2F
2-1: Ball
3-1: Swinging Strike
3-2: Base on Balls
Batting: LHB Stanley Mullins 0-0: Ball
1-0: Ball
2-0: Ball
3-0: Base on Balls
Vern Carlton to second
Batting: RHB Stephen Wilson 0-0: Ball
1-0: Ball
2-0: Ball
3-0: Base on Balls
Vern Carlton to third
Stanley Mullins to second
Batting: SHB Julián Madrid 0-0: Called Strike
0-1: Ball
1-1: Ball
2-1: Foul Ball, location: 2F
2-2: Ball
3-2: Foul Ball, location: 2F
3-2: SINGLE (Groundball, 34D)
Vern Carlton scores
Stanley Mullins to third
Stephen Wilson to second
Runner from 3rd tries for Home, SAFE, throw made at trailing runner, OUT at third!
Pitching: LHP Luis Valentín
Batting: LHB Willie Wallace 0-0: Ball
1-0: Called Strike
1-1: Fly out, F9 (Flyball, 9)
Bottom of the 6th over - 5 run(s), 3 hit(s), 0 error(s), 1 left on base; Nassau 4 - Nevada 9
TOP OF THE 7TH
Nassau Rockets batting - Pitching for Nevada Noise : RHP Arthur López
Batting: LHB Rafael Delgado 0-0: Ball
1-0: Ball
2-0: Ball
3-0: Base on Balls
Batting: LHB Don Ramey 0-0: Ball
1-0: Ball
2-0: Ball
3-0: Called Strike
3-1: Base on Balls
Rafael Delgado to second
Batting: RHB Salvador Borbón 0-0: SINGLE (Flyball, 7LM)
Rafael Delgado to third
Don Ramey to second
Batting: SHB Howard Parker 0-0: Ball
1-0: DOUBLE (Flyball, 7LM)
Rafael Delgado scores
Don Ramey scores
Salvador Borbón to third
Pitching: LHP Rob Greene
Batting: LHB Andrew Alvarado 0-0: Called Strike
0-1: Swinging Strike
0-2: Ball
1-2: Strikes out swinging
Batting: LHB Bob Martin 0-0: SINGLE (Line Drive, 56)
Salvador Borbón scores
Howard Parker to third
Runner from 3rd tries for Home, SAFE, no throw
Batting: LHB Doug Thompson 0-0: Swinging Strike
0-1: Fly out, F7 (Flyball, 7S)
Pinch Hitting: SHB Edgardo Osorio 0-0: Ball
Passed Ball!
Bob Martin to second
1-0: Ball
2-0: Foul Ball, location: 2F
2-1: Foul Ball, location: 2F
2-2: Ball
3-2: Foul Ball, location: 2F
3-2: Strikes out swinging
Top of the 7th over - 4 run(s), 3 hit(s), 0 error(s), 1 left on base; Nassau 8 - Nevada 9
BOTTOM OF THE 7TH
Nevada Noise batting - Pitching for Nassau Rockets : LHP Luis Valentín
Now in RF: Edgardo Osorio
Batting: RHB Edward Young 0-0: Ball
1-0: Called Strike
1-1: Ball
2-1: Ball
3-1: SOLO HOME RUN (Flyball, 78XD), Distance : 389 ft
Batting: LHB Milton Watson 0-0: Called Strike
0-1: Ball
1-1: Foul Ball, location: 2F
1-2: Ball
2-2: Strikes out swinging
Batting: RHB Rich Ruffin 0-0: Fly out, F9 (Flyball, 9LSF)
Batting: RHB Fernando Martínez 0-0: Called Strike
0-1: Swinging Strike
0-2: Ball
1-2: Strikes out looking
Bottom of the 7th over - 1 run(s), 1 hit(s), 0 error(s), 0 left on base; Nassau 8 - Nevada 10
TOP OF THE 8TH
Nassau Rockets batting - Pitching for Nevada Noise : LHP Rob Greene
Batting: RHB Rubén Matos 0-0: Ball
1-0: Swinging Strike
1-1: Ball
2-1: Called Strike
2-2: Foul Ball, location: 2F
2-2: Ball
3-2: Ground out 6-3 (Groundball, 56)
Batting: LHB Rafael Delgado 0-0: Called Strike
0-1: Foul Ball, location: 2F
0-2: Ball
1-2: Strikes out looking
Batting: LHB Don Ramey 0-0: Ball
1-0: Fly out, F4 (Popup, 3D)
Top of the 8th over - 0 run(s), 0 hit(s), 0 error(s), 0 left on base; Nassau 8 - Nevada 10
BOTTOM OF THE 8TH
Nevada Noise batting - Pitching for Nassau Rockets : LHP Luis Valentín
Batting: RHB Vern Carlton 0-0: Ball
1-0: Ball
2-0: Called Strike
2-1: SINGLE (Line Drive, 34D)
Batting: LHB Stanley Mullins 0-0: Ball
1-0: Bunted foul
1-1: SINGLE (Groundball, 34) (infield hit)
Vern Carlton to second
Batting: RHB Stephen Wilson 0-0: Ball
1-0: Called Strike
1-1: Called Strike
1-2: Ball
2-2: Fly out, F9 (Flyball, 9D)
Runner from 2nd tags up, SAFE at 3rd, no throw
Batting: SHB Julián Madrid 0-0: Ball
1-0: Foul Ball, location: 2F
1-1: Swinging Strike
1-2: Ball
2-2: Ball
3-2: Fly out, F8 (Flyball, 8LS)
Pitching: RHP Ju-choer Yi
Batting: LHB Willie Wallace 0-0: Ground out U3 (Groundball, 3)
Bottom of the 8th over - 0 run(s), 2 hit(s), 0 error(s), 2 left on base; Nassau 8 - Nevada 10
TOP OF THE 9TH
Nassau Rockets batting - Pitching for Nevada Noise : LHP Rob Greene
Pitching: RHP Mike Pierce
Batting: RHB Salvador Borbón 0-0: Called Strike
0-1: Fly out, F2 (Popup, 23)
Batting: SHB Howard Parker 0-0: Ball
1-0: Called Strike
1-1: Ball
2-1: Called Strike
2-2: Ball
3-2: Base on Balls
Batting: LHB Andrew Alvarado 0-0: Ball
1-0: Ball
2-0: DOUBLE (Flyball, 7LM)
Howard Parker to third
Runner from 3rd tries for Home, SAFE, no throw
Batting: LHB Bob Martin 0-0: Ground out 4-3 (Groundball, 4MS)
Andrew Alvarado to third
Batting: LHB Doug Thompson 0-0: Ball
1-0: DOUBLE (Groundball, 3L)
Andrew Alvarado scores
Pitching: RHP Ray McIntyre
Batting: SHB Edgardo Osorio 0-0: Called Strike
0-1: Ball
1-1: Called Strike
1-2: Ground out 4-3 (Groundball, 4)
Top of the 9th over - 2 run(s), 2 hit(s), 0 error(s), 1 left on base; Nassau 10 - Nevada 10
BOTTOM OF THE 9TH
Nevada Noise batting - Pitching for Nassau Rockets : RHP Ju-choer Yi
Batting: RHB Edward Young 0-0: Hit by Pitch
Batting: LHB Milton Watson 0-0: Ball
1-0: Ball
2-0: Swinging Strike
2-1: Called Strike
2-2: Strikes out swinging
Batting: RHB Rich Ruffin 0-0: Called Strike
0-1: Called Strike
0-2: Reached on error, E6 (Groundball, 6)
Edward Young to second
Pinch Hitting: LHB Pablo Reyes 0-0: Swinging Strike
0-1: Called Strike
0-2: SINGLE (Groundball, 3D)
Edward Young to third
Rich Ruffin to second
Runner from 3rd tries for Home, SAFE, no throw
Tuesday, August 8th, 2017 - OOTP Baseball 17.12 Build 75